 Dungeon Crawl Stone Soup version 0.16.1-18-g436b03c (webtiles) character file.

2353 Mellonil the Skirmisher (level 9, -1/65 HPs)
             Began as an Octopode Fighter on May 9, 2015.
             Was an Initiate of Dithmenos.
             Slain by a sky beast (2 damage)
             ... on level 7 of the Dungeon.
             The game lasted 00:50:20 (8807 turns).

Mellonil the Skirmisher (Octopode Fighter)          Turns: 8807, Time: 00:50:20

Health: -1/65      AC:  1    Str: 18    XL:     9   Next: 43%
Magic:  9/9        EV: 12    Int: 11    God:    Dithmenos [......]
Gold:   341        SH: 11    Dex: 11    Spells: 0 memorised, 8 levels left

rFire  . . .     SeeInvis .     a - +0 long sword
rCold  . . .     Clarity  .     c - +1 shield
rNeg   . . .     SustAb   .     (helmet restricted)
rPois  .         Gourm    .     (no amulet)
rElec  .         Spirit   .     (no ring)
rCorr  .         Warding  .     (no ring)
rMut   .         Stasis   .     (no ring)
MR     .....                    (no ring)
Stlth  ++........               (no ring)
                                (no ring)
                                (no ring)
                                (no ring)

@: not resistant to hostile enchantments, unstealthy
A: almost no armour, amphibious, 8 rings, constrict 8, camouflage 1, gelatinous
body 1
a: Renounce Religion


You were on level 7 of the Dungeon.
You worshipped Dithmenos.
Dithmenos was noncommittal.
You were hungry.

You visited 2 branches of the dungeon, and saw 8 of its levels.
You also visited: Sewer.

You collected 341 gold pieces.

Inventory:

Hand weapons
 a - a +0 long sword (weapon)
 m - a +1 dagger of venom
 o - a +0 blowgun
 D - a +3 short sword
Missiles
 g - 17 stones (quivered)
 i - 5 curare-tipped needles
 t - 51 poisoned needles
 B - 4 needles of paralysis
Armour
 c - a +1 shield (worn)
Magical devices
 e - a wand of magic darts (24)
 j - a wand of disintegration (12)
 r - a wand of fireball (7)
 s - a wand of frost (39)
Scrolls
 f - a scroll of remove curse
 h - 2 scrolls of blinking
 k - 3 scrolls of identify
 l - a scroll of random uselessness {unknown}
 n - 4 scrolls of teleportation
Potions
 q - a potion of magic
 w - a potion of degeneration {unknown}
 x - a potion of mutation {unknown}
 z - 2 potions of curing {unknown}
 A - a potion of resistance {unknown}
 C - a potion of haste {unknown}
 F - a potion of brilliance {unknown}
Books
 v - a Grand Grimoire {highlevel, unknown}

   This book is beyond your current level of understanding.

   Spells                             Type                      Level
   a - Aura of Abjuration             Summoning                    6
   b - Summon Greater Demon           Summoning                    7
   c - Malign Gateway                 Summoning/Translocation      7
   d - Summon Horrible Things         Summoning                    8
 y - a book of Ice

   Spells                             Type                      Level
   a - Ice Form                       Ice/Transmutation            4
   b - Metabolic Englaciation         Hexes/Ice                    5
   c - Ozocubu's Refrigeration        Ice                          6
   d - Bolt of Cold                   Conjuration/Ice              6
   e - Freezing Cloud                 Conjuration/Ice/Air          6
   f - Simulacrum                     Ice/Necromancy               6
Comestibles
 d - 5 bread rations
 p - a beef jerky
 E - 3 meat rations
 G - a royal jelly


   Skills:
 * Level 7.7 Fighting
 * Level 7.3 Long Blades
 + Level 5.7 Dodging
 + Level 6.1 Shields


You had 8 spell levels left.
You didn't know any spells.

Dungeon Overview and Level Annotations

Branches:
Dungeon (7/15)             Temple (1/1) D:7

Altars:
Ashenzari
Dithmenos
Elyvilon
Fedhas
Gozag
Kikubaaqudgha
Makhleb
Okawaru
Qazlal
Ru
Sif Muna
Trog
Vehumet
Zin
The Shining One

Shops:
D:5 (

Annotations:
D:3 EmilioHeskey's ghost, average OgGl
D:4 Grinder
D:6 Sigmund


Innate Abilities, Weirdness & Mutations

You cannot wear most types of armour.
You are amphibious.
You can wear up to eight rings at the same time.
You can use your tentacles to constrict many enemies at once.
Your skin changes colour to match your surroundings (Stealth).
Your rubbery body absorbs attacks (AC +1).


Message History

Drink which item? (? for menu, Esc to quit)
You feel much better. Something hits you but does no damage.
Your shield prevents you from hitting something.
Something hits you. Something shocks you.
You closely miss something. Something hits you. Something shocks you.
Something hits you. Something shocks you.
You completely miss something. Something hits you. Something shocks you.
* * * LOW HITPOINT WARNING * * *
You closely miss something. You block its attack.
You closely miss something. Something hits you.
* * * LOW HITPOINT WARNING * * *
Something shocks you.
* * * LOW HITPOINT WARNING * * *
Drink which item? (? for menu, Esc to quit)
It was a potion of magic.
Magic courses through your body. Something hits you.
* * * LOW HITPOINT WARNING * * *
Something shocks you.
* * * LOW HITPOINT WARNING * * *
You miss something. Something hits you.
You die...

### ..# . ###.####
..# #...... ..# .....
#.# ... #.# #{#
#.##.# #@#
#.##.#######.#
#####.##.#.......#
#............)......#
#.###.##.#######.##.#
#.# #.##.# #.##.# #.#
#....# #.##.# #.#
#.##.# #.##.#
#.###.##.#######.##.#


There were no monsters in sight!

Vanquished Creatures
  Pikel (D:5)
  Eustachio (D:7)
  Edmund (D:6)
  3 slaves (D:5)
  3 ogres
  A necrophage (D:6)
  A phantom (D:7)
  A centaur (D:5)
  Blork the orc (D:4)
  A giant frog (D:5)
  2 scorpions
  2 orc priests (D:5)
  A goliath beetle (D:4)
  2 iguanas
  A giant frog skeleton (D:5)
  3 hounds
  4 worker ants (D:5)
  5 orc wizards
  Ijyb (D:6)
  A hound zombie (D:5)
  7 gnolls
  12 adders
  2 river rats (D:3)
  3 shadow imps (D:5)
  A giant mite (D:3)
  5 worms
  An adder zombie (D:5)
  An adder skeleton (D:5)
  A giant gecko (D:4)
  23 orcs
  9 bats
  A bat skeleton (D:4)
  10 hobgoblins
  9 jackals
  4 quokkas
  5 ball pythons
  3 giant cockroaches
  4 giant newts
  11 goblins
  19 kobolds
  2 quokka skeletons
  11 rats
180 creatures vanquished.

Vanquished Creatures (others)
  An ogre (D:5)
  A worker ant (D:7)
  A quokka (D:7)
3 creatures vanquished.

Grand Total: 183 creatures vanquished

Notes
Turn   | Place    | Note
--------------------------------------------------------------
     0 | D:1      | Mellonil, the Octopode Fighter, began the quest for the Orb.
     0 | D:1      | Reached XP level 1. HP: 16/16 MP: 1/1
   325 | D:1      | Reached XP level 2. HP: 17/21 MP: 2/2
   872 | D:2      | Reached XP level 3. HP: 26/26 MP: 3/3
  1362 | D:2      | Reached XP level 4. HP: 26/31 MP: 4/4
  1641 | D:3      | Found a glowing drain.
  1831 | Sewer    | Entered a sewer
  1924 | Sewer    | Noticed Purgy
  1996 | D:3      | Reached skill level 4 in Fighting
  1996 | D:3      | Reached XP level 5. HP: 12/37 MP: 5/5
  2210 | D:3      | Noticed EmilioHeskey's ghost (average OgGl)
  2894 | D:3      | Reached XP level 6. HP: 41/44 MP: 6/6
  3105 | D:4      | Noticed Blork the orc
  3113 | D:4      | Killed Blork the orc
  4342 | D:4      | Reached XP level 7. HP: 15/49 MP: 7/7
  4596 | D:4      | Reached skill level 5 in Fighting
  5417 | D:4      | Noticed Grinder
  5635 | D:5      | Entered Level 5 of the Dungeon
  5992 | D:5      | Noticed Pikel
  6002 | D:5      | Killed Pikel
  6002 | D:5      | Reached skill level 6 in Fighting
  6002 | D:5      | Reached skill level 5 in Long Blades
  6002 | D:5      | Reached skill level 5 in Shields
  6002 | D:5      | Reached XP level 8. HP: 15/57 MP: 8/8
  6302 | D:5      | Found a glowing silver altar of Zin.
  6766 | D:5      | Reached skill level 5 in Dodging
  6860 | D:5      | Found Mighos' Weapon Shoppe.
  6873 | D:5      | Reached skill level 7 in Fighting
  7243 | D:5      | Reached XP level 9. HP: 58/64 MP: 9/9
  7914 | D:6      | Noticed Ijyb
  7925 | D:6      | Killed Ijyb
  7992 | D:6      | Noticed Sigmund
  8057 | D:6      | Noticed Edmund
  8098 | D:6      | Killed Edmund
  8199 | D:7      | Noticed Eustachio
  8210 | D:7      | Killed Eustachio
  8399 | D:7      | Found a staircase to the Ecumenical Temple.
  8405 | Temple   | Entered the Ecumenical Temple
  8561 | Temple   | Became a worshipper of Dithmenos the Shadowed
  8806 | D:7      | HP: 1/65 [something (6)]
  8807 | D:7      | Slain by a sky beast

Action                   |  1- 3 |  4- 6 |  7- 9 || total
-------------------------+-------+-------+-------++-------
Melee: Long sword        |    66 |   119 |   195 ||   380
       Short sword       |       |       |    13 ||    13
 Fire: Blowgun           |       |       |    54 ||    54
Throw: Stone             |       |     2 |     5 ||     7
Evoke: Wand              |       |     5 |       ||     5
  Use: Potion            |       |     1 |     5 ||     6
       Scroll            |       |     5 |     8 ||    13
 Stab: Sleeping          |     3 |     1 |     4 ||     8
  Eat: Chunk             |     1 |     8 |    12 ||    21
       Fruit             |       |     2 |     2 ||     4
